 Dungeon Crawl Stone Soup version 0.26-a0-639-g72c4674329 (webtiles) character file.

Game seed: 13215084170698492474

167 Flugslaktarn the Covered (level 5, -5/50 HPs)
             Began as a Deep Dwarf Fighter on Sept 23, 2020.
             Slain by Duvessa
             ... wielding a +3 rapier
              (13 damage)
             ... on level 4 of the Dungeon.
             The game lasted 00:00:28 (498 turns).

Flugslaktarn the Covered (Deep Dwarf Fighter)        Turns: 498, Time: 00:00:29

Health: -5/50      AC:  7    Str: 20    XL:     5   Next: 23%
Magic:  4/4        EV:  7    Int:  9    God:
Gold:   38         SH:  9    Dex: 12    Spells: 4/4 levels left

rFire    . . .     SeeInvis .   a - +0 war axe
rCold    . . .     Faith    .   c - +0 kite shield
rNeg     . . .     Spirit   .   b - +0 scale mail
rPois    .         Reflect  .   (no helmet)
rElec    .         Harm     +   h - scarf {harm}
rCorr    .         Rampage  .   (no gloves)
MR       .....                  (no boots)
Stlth    ..........             (no amulet)
HPRegen  0.00/turn              (no ring)
MPRegen  0.09/turn              (no ring)

@: non-regenerating
A: damage resistance, heal wounds, sense surroundings 1, no regeneration
a: Heal Wounds


You were on level 4 of the Dungeon.
You visited 1 branch of the dungeon, and saw 4 of its levels.

You collected 38 gold pieces.

Inventory:

Hand Weapons
 a - a +0 war axe (weapon)
Armour
 b - a +0 scale mail (worn)
 c - a +0 kite shield (worn)
 h - a scarf of harm (worn)
   (You found it on level 3 of the Dungeon)
Scrolls
 e - a scroll of enchant weapon {unknown}
 f - a scroll of identify {unknown}
 i - 2 scrolls of amnesia {unknown}
Potions
 d - a potion of might
 g - 2 potions of heal wounds {unknown}
 j - a potion of curing {unknown}


   Skills:
 * Level 3.8 Fighting
 * Level 3.8 Axes
 + Level 4.0 Armour
 + Level 4.0 Shields


You had 4 spell levels left.
You didn't know any spells.
Your spell library was empty.

Dungeon Overview and Level Annotations

Branches:
Dungeon (4/15)
 Temple: D:4-7

Altars:

Annotations:
D:4 Duvessa


Innate Abilities, Weirdness & Mutations

You are resistant to damage.
You can heal yourself by infusing magical energy.
You passively map a small area around you.
You do not regenerate.


Message History

You slash Dowan!
You kill Dowan!
Duvessa screams in rage.
Duvessa goes berserk!
Your Armour skill increases to level 4!
Your Shields skill increases to level 4!
You have reached level 5!
You slash Duvessa! You block Duvessa's attack. x2
You hit Duvessa.
Duvessa is moderately wounded.
Duvessa hits you with a +3 rapier! x2
You closely miss Duvessa.
Duvessa is moderately wounded.
Duvessa hits you with a +3 rapier!
* * * LOW HITPOINT WARNING * * *
Duvessa barely misses you.
You closely miss Duvessa.
Duvessa is moderately wounded.
You block Duvessa's attack. Duvessa hits you with a +3 rapier!
You die...

, #.. * *, ....# #.. ,
###+#####....# *, ,#.#*
,#...........# ,* #.#*
, #...........# *#.#
#...........# , #.##
#..<........#* #...
#...........+* *,#...
#.....@e....# ##.##
##...).#########_##..##
#.....#...#...###....#
#.....#...#..........#
#.....+...'..........+
#.....#'##############
####..........., ,#
#........... , #
#........... ,


You could see Duvessa (berserk, fast).

Vanquished Creatures
  Dowan (D:4)
  A hound skeleton (D:4)
  An adder (D:4)
  7 gnolls (D:4)
  An ooze (D:3)
  3 leopard geckos
  A giant cockroach (D:4)
  2 goblins (D:3)
  2 hobgoblins
  A kobold (D:3)
  2 quokkas (D:3)
  2 bats (D:2)
  A frilled lizard (D:4)
  3 rats
28 creatures vanquished.

Notes
Turn   | Place    | Note
-------+----------+-------------------------------------------
     0 | D:1      | Flugslaktarn the Deep Dwarf Fighter began the quest for the
                  | Orb.
     0 | D:1      | Reached XP level 1. HP: 20/20 MP: 1/1
   257 | D:3      | Reached XP level 2. HP: 21/27 MP: 2/2
   361 | D:4      | Reached XP level 3. HP: 27/34 MP: 3/3
   420 | D:4      | Reached XP level 4. HP: 33/42 MP: 4/4
   484 | D:4      | Noticed Dowan
   485 | D:4      | Noticed Duvessa
   495 | D:4      | Killed Dowan
   495 | D:4      | Reached XP level 5. HP: 45/50 MP: 4/4
   498 | D:4      | Slain by Duvessa

Illustrated notes

Levels and vault maps discovered:
D:1:      saegor_arrival_simple_b, layout_basic, serial_bayou_pond_b
D:2:      layout_basic, old_standard_altar
D:3:      wad_crossroads, layout_basic
D:4:      layout_gridville, nemelex_xobeh_ov_fountains_minmay,
          marbit_many_paths, uniq_duvessa, uniq_ijyb, uniq_pikel, uniq_robin

Skill      XL: |  1  2  3  4 |
---------------+-------------+-----
Fighting       | 3 |  3.8
Axes           | 3 |  3.8
Armour         | 4 |  4.0
Shields        | 4 |  4.0

Action                   |  1- 3 |  4- 6 || total
-------------------------+-------+-------++-------
Melee: War axe           |    61 |    19 ||    80
 Abil: Heal Wounds       |       |     1 ||     1
Armor: Scale mail        |    25 |     7 ||    32
Dodge: Dodged            |    18 |     6 ||    24
Block: Kite shield       |    39 |    13 ||    52

Table legend: (Time is in decaauts)
 A = Elapsed time spent in this place.
 B = Non-inter-level travel time spent in this place.
 C = Inter-level travel time spent in this place.
 D = Time resting spent in this place.
 E = Time spent auto-exploring this place.
 F = Levels seen in this place.
 G = Mean time per level.
                   A        B        C        D        E       F      G
               +--------+--------+--------+--------+--------+-----+--------+
         Total |    532 |    485 |     47 |      0 |    282 |   4 |  133.0 |
       Dungeon |    532 |    485 |     47 |      0 |    282 |   4 |  133.0 |
               +--------+--------+--------+--------+--------+-----+--------+

Top non-repeatable levels by time:
     D:2: 224 daAuts
     D:4: 156 daAuts
     D:3: 121 daAuts
     D:1: 30 daAuts
